 Dungeon Crawl Stone Soup version 0.26.1-2-gb8aa6d0cf2 (webtiles) character file.

Game seed: 10947877946269373391

3460 Riddle the Shield-Bearer (level 10, 0/47 HPs)
             Began as a Vine Stalker Fighter on Mar 21, 2021.
             Slain by a centaur (8 damage)
             ... on level 8 of the Dungeon.
             The game lasted 00:09:40 (6950 turns).

Riddle the Shield-Bearer (Vine Stalker Fighter)     Turns: 6950, Time: 00:09:42

Health: 0/47       AC:  1    Str: 21    XL:     10   Next: 6%
Magic:  0/11       EV: 12    Int:  8    God:
Gold:   426        SH: 11    Dex: 13    Spells: 9/9 levels left

rFire    + . .     SeeInvis .   l - +2 hand axe (vamp)
rCold    + + .     Faith    .   c - +0 kite shield
rNeg     . . .     Spirit   +   E - +3 scale mail {Will+}
rPois    .         Reflect  .   (no helmet)
rElec    .         Harm     .   u - +0 cloak
rCorr    .         Rampage  .   a - +0 pair of gloves
Will     ++...                  (no boots)
Stlth    ..........             e - amulet of the acrobat
HPRegen  0.55/turn              H - ring of protection from cold
MPRegen  0.12/turn              o - +4 ring of evasion

@: corroded
A: fangs 3, cold resistance 1, fire resistance 1, frail 1, regeneration 1, weak
1, wild magic 1, evolution 1, magic shield, antimagic bite, no potion heal 3
a: no special abilities


You were on level 8 of the Dungeon.
You visited 2 branches of the dungeon, and saw 9 of its levels.

You collected 558 gold pieces.
You spent 132 gold pieces at shops.

Inventory:

Hand Weapons
 l - a +2 vampiric hand axe (weapon)
Armour
 a - a +0 pair of gloves (worn)
 c - a +0 kite shield (worn)
 u - a +0 cloak (worn)
 E - a +3 scale mail of willpower (worn)
Jewellery
 b - an uncursed ring of positive energy
 e - an amulet of the acrobat (around neck)
 o - a +4 ring of evasion (right hand)
 H - a ring of protection from cold (left hand)
Wands
 C - a wand of paralysis (15)
 F - a wand of polymorph (10)
Scrolls
 f - 5 scrolls of amnesia
 g - 2 scrolls of immolation {unknown}
 h - 2 scrolls of fog {unknown}
 m - 2 scrolls of enchant weapon {unknown}
 n - 6 scrolls of identify
 q - 4 scrolls of remove curse
 r - a scroll of random uselessness {unknown}
 s - 4 scrolls of teleportation {unknown}
 w - a scroll of enchant armour {unknown}
 y - 4 scrolls of magic mapping {unknown}
 B - a scroll of noise {unknown}
 G - 2 scrolls of blinking {unknown}
Potions
 d - 3 potions of might
 i - a potion of berserk rage {unknown}
 k - 2 potions of heal wounds {unknown}
 p - 6 potions of curing
 t - 5 potions of cancellation {unknown}
 v - a potion of flight {unknown}
 x - 2 potions of attraction {unknown}
 z - 2 potions of ambrosia {unknown}
 A - 2 potions of magic {unknown}
 D - a potion of haste {unknown}


   Skills:
 + Level 6.9 Fighting
 + Level 6.6 Axes
 + Level 6.3 Armour
 + Level 7.0 Shields


You had 9 spell levels left.
You didn't know any spells.
Your spell library contained the following spells:

 Spells                   Type           Power        Failure   Level
 Corona                   Hex            0%           98%         1
 Magic Dart               Conj           0%           98%         1
 Blink                    Tloc           N/A          99%         2
 Call Imp                 Summ           0%           99%         2
 Ensorcelled Hibernation  Hex/Ice        0%           99%         2
 Slow                     Hex            0%           99%         2
 Confusing Touch          Hex            0%           100%        3
 Conjure Flame            Conj/Fire      0%           100%        3
 Dazzling Flash           Conj/Hex       0%           100%        3
 Mephitic Cloud           Conj/Pois/Air  0%           100%        3
 Tukima's Dance           Hex            0%           100%        3


Dungeon Overview and Level Annotations

Branches:
Dungeon (8/15)             Temple (1/1) D:5
   Lair: D:8-11

Altars:
Ashenzari
Cheibriados
Dithmenos
Elyvilon
Fedhas
Gozag
Hepliaklqana
Kikubaaqudgha
Nemelex Xobeh
Okawaru
Qazlal
Sif Muna
Uskayaw
Vehumet
Wu Jian
Xom
Yredelemnul
The Shining One

Shops:
D:2 *   D:4 *   D:6 :!


Innate Abilities, Weirdness & Mutations

You have razor-sharp teeth.
Your natural rate of healing is unusually fast.
When hurt, damage is shared between your health and your magic reserves.
Your bite disrupts and absorbs the magic of your enemies.
Potions cannot restore your health.
Your flesh is cold resistant. (rC+)
Your flesh is heat resistant. (rF+)
You are frail. (-10% HP)
You are weak. (Str -2)
Your spells are a little harder to cast, but a little more powerful.
You evolve.


Message History

The centaur is moderately wounded.
You hit the jelly but do no damage.
Your hands burn!
* * * LOW HITPOINT WARNING * * *
The centaur barely misses you. You block the jelly's attack.
Unknown command.
You hit the centaur but do no damage. Your bite misses the centaur.
The centaur is moderately wounded.
You hit the shadow imp but do no damage.
You hit the jelly but do no damage.
Your hands burn!
* * * LOW HITPOINT WARNING * * *
You block the centaur's attack. You block the shadow imp's attack.
The jelly barely misses you. You block the centaur's attack.
You closely miss the shadow imp.
You bite the shadow imp, but do no damage.
The shadow imp is almost dead.
You completely miss the centaur. You completely miss the jelly.
The shadow imp hits you.
* * * LOW HITPOINT WARNING * * *
The centaur hits you!
You die...

.........#
.........#######
.......(.#......
.......#..#
......##.#################
.....# #..................
##### ##..........#####..
###5Jc.......## ##..
###...@........# #...
###...##.........# #...
####...####........## #...
##...#### #........###
#... #..### ##.....>#..##
#... ####
#......##..###...
##########..##... ###.##..
##....


You could see a centaur, a jelly and a shadow imp.

Vanquished Creatures
  A hornet (D:7)
  A wyvern (D:5)
  Eustachio (D:5)
  Edmund (D:5)
  3 orc warriors
  A sky beast (D:7)
  An ice beast (D:8)
  2 black bears
  3 ogres
  2 phantoms
  A centaur (D:8)
  2 big kobolds
  5 bullfrogs
  4 killer bees (D:7)
  A howler monkey (D:5)
  A centaur zombie (D:7)
  2 bullfrog zombies
  4 orc priests
  A centaur skeleton (D:4)
  3 iguanas (D:5)
  Ijyb (D:5)
  6 orc wizards
  3 worker ants
  A hound zombie (D:8)
  A howler monkey zombie (D:7)
  A howler monkey skeleton (D:6)
  3 adders
  17 gnolls
  2 shadow imps
  2 white imps
  2 ufetubi
  2 oozes
  2 worms
  An adder skeleton (D:8)
  A dart slug (D:1)
  6 leopard geckos
  23 orcs
  4 ball pythons
  6 bats
  6 giant cockroaches
  21 goblins
  36 hobgoblins
  10 jackals
  15 kobolds
  4 quokkas
  3 frilled lizards
  A jackal skeleton (D:4)
  A quokka zombie (D:7)
  6 rats
  A spectral orc (D:6)
228 creatures vanquished.

Vanquished Creatures (others)
  2 plants (D:3)
2 creatures vanquished.

Grand Total: 230 creatures vanquished

Notes
Turn   | Place    | Note
-------+----------+-------------------------------------------
     0 | D:1      | Riddle the Vine Stalker Fighter began the quest for the
                  | Orb.
     0 | D:1      | Reached XP level 1. HP: 11/11 MP: 2/2
   109 | D:1      | Reached XP level 2. HP: 16/16 MP: 3/3
   565 | D:1      | Reached skill level 3 in Shields
   671 | D:1      | Reached XP level 3. HP: 16/20 MP: 2/4
  1043 | D:2      | Found Gozag's Platinum Reserve.
  1043 | D:2      | Found an opulent altar of Gozag.
  1430 | D:2      | Gained mutation: Your natural rate of healing is unusually
                  | fast. [Vine Stalker growth]
  1430 | D:2      | Reached XP level 4. HP: 22/24 MP: 5/5
  1818 | D:2      | Found a white marble altar of Elyvilon.
  1823 | D:2      | Found a hazy altar of Hepliaklqana.
  1921 | D:3      | Reached XP level 5. HP: 28/28 MP: 6/6
  2029 | D:3      | You fall into a shaft and drop 2 floors!
  2029 | D:5      | Entered Level 5 of the Dungeon
  2070 | D:5      | Found a staircase to the Ecumenical Temple.
  2089 | Temple   | Entered the Ecumenical Temple
  2329 | D:4      | Found Hecoeril's Assorted Antiques.
  3081 | D:4      | Reached XP level 6. HP: 23/33 MP: 5/7
  3141 | D:4      | Reached skill level 4 in Shields
  3341 | D:4      | Found a shadowy altar of Dithmenos.
  3341 | D:4      | Noticed a phantom
  3361 | D:4      | Killed a phantom
  3566 | D:4      | Found a shimmering blue altar of Sif Muna.
  3631 | D:5      | Noticed Eustachio
  3644 | D:5      | Killed Eustachio
  3645 | D:5      | Reached XP level 7. HP: 37/37 MP: 8/8
  3843 | D:5      | Noticed Ijyb
  3851 | D:5      | Paralysed by Ijyb for 2 turns
  3859 | D:5      | Killed Ijyb
  3909 | D:5      | Noticed a wyvern
  3939 | D:5      | Killed a wyvern
  4147 | D:5      | Noticed Edmund
  4228 | D:6      | Gained mutation: You have razor-sharp teeth. [Vine Stalker
                  | growth]
  4228 | D:6      | Reached XP level 8. HP: 37/42 MP: 9/9
  4400 | D:5      | Killed Edmund
  4401 | D:5      | Reached skill level 5 in Fighting
  4401 | D:5      | Reached skill level 5 in Shields
  4973 | D:5      | Reached skill level 5 in Axes
  4973 | D:5      | Reached skill level 5 in Armour
  5311 | D:6      | Found Suterust's Distillery.
  5319 | D:6      | Bought a potion of degeneration for 11 gold pieces
  5322 | D:6      | Bought a potion of curing for 33 gold pieces
  5322 | D:6      | Bought a potion of mutation for 88 gold pieces
  5324 | D:6      | Gained mutation: You are frail. (-10% HP) [potion of
                  | mutation]
  5324 | D:6      | Gained mutation: Your spells are a little harder to cast,
                  | but a little more powerful. [potion of mutation]
  5324 | D:6      | Gained mutation: Your flesh is heat resistant. (rF+)
                  | [potion of mutation]
  5324 | D:6      | Gained mutation: You have sharp toenails. [potion of
                  | mutation]
  5325 | D:6      | Lost mutation: You have sharp toenails. [potion of
                  | mutation]
  5325 | D:6      | Gained mutation: You are weak. (Str -2) [potion of
                  | mutation]
  5325 | D:6      | Gained mutation: Your flesh is cold resistant. (rC+)
                  | [potion of mutation]
  5325 | D:6      | Gained mutation: You evolve. [potion of mutation]
  5364 | D:6      | Found Lomeph's Book Boutique.
  5430 | D:6      | Reached XP level 9. HP: 11/43 MP: 3/10
  5691 | D:6      | Found a basalt altar of Yredelemnul.
  5741 | D:7      | Reached skill level 6 in Shields
  6412 | D:7      | Noticed a hornet
  6417 | D:7      | Paralysed by a hornet for 1 turns
  6423 | D:7      | Killed a hornet
  6753 | D:8      | Found a blossoming altar of Fedhas.
  6818 | D:8      | Reached XP level 10. HP: 47/47 MP: 11/11
  6937 | D:8      | Reached skill level 7 in Shields
  6950 | D:8      | Slain by a centaur

Illustrated notes

Levels and vault maps discovered:
D:1:      saegor_arrival_simple_b, layout_loops_corners, minmay_door_square
D:2:      cheibrodos_helix_gallery, layout_basic, grunt_temple_overflow_open,
          grunt_ministairs_12, hangedman_decor_clover_reticule,
          nicolae_gozag_zags_fifth_avenue
D:3:      layout_loops_ring, serial_bayou_crossing
D:4:      layout_rooms, led_sif_pool, grunt_dithmenos_shadows, serial_shops,
          nicolae_shop_crystal, minivault_27, minmay_misc_feat_four_crosses
D:5:      minmay_goblin_kobold_castle, layout_loops_corners,
          minmay_temple_entry_offerings, uniq_ijyb, uniq_eustachio, uniq_edmund
D:6:      layout_rooms, yredelemnul_forgotten_temple_becter, serial_shops, shop,
          shop
D:7:      layout_loops_ring, glass_columns_b, grunt_ministairs_5
D:8:      minmay_the_grid_triangle_9x9_rhombus_full
          [minmay_the_grid_triangle_9x9_skeleton,
          minmay_the_grid_triangle_9x9_thin_v,
          minmay_the_grid_triangle_9x9_impossible_snake,
          minmay_the_grid_triangle_9x9_cache,
          minmay_the_grid_triangle_9x9_sparse_checkered,
          minmay_the_grid_triangle_9x9_wacky_v,
          minmay_the_grid_triangle_9x9_odd_lines,
          minmay_the_grid_triangle_9x9_prize_center], layout_cave_pods,
          fedhas_bush_and_centaur_altar
Temple:   minmay_temple_curvy_loop

Skill      XL: |  1  2  3  4  5  6  7  8  9 10 |
---------------+-------------------------------+-----
Axes           | 2 3 4 5 6 |  6.6
Shields        | 3 4 5 6 7 |  7.0
Fighting       | 3 4 5 6 |  6.9
Armour         | 3 4 5 6 |  6.3

Action                   |  1- 3 |  4- 6 |  7- 9 | 10-12 || total
-------------------------+-------+-------+-------+-------++-------
Melee: War axe           |    97 |   111 |       |       ||   208
       Bite              |    23 |    34 |   168 |     9 ||   234
       Hand axe          |       |    12 |   527 |    28 ||   567
  Use: Scroll            |       |     3 |       |       ||     3
       Potion            |       |       |     2 |       ||     2
Armor: Scale mail        |     6 |       |   116 |     7 ||   129
       Chain mail        |    31 |    52 |    32 |       ||   115
Dodge: Dodged            |    40 |    43 |   260 |    18 ||   361
Block: Kite shield       |    60 |    65 |   300 |    23 ||   448
